 Dungeon Crawl Stone Soup version 0.28-a0-627-g4e9751bbfc (webtiles) character file.

Game seed: 2700392474641753408

19 OfficerJojo the Digger (level 2, 0/15 HPs)
             Began as a Gargoyle Earth Elementalist on Oct 8, 2021.
             Was a Follower of Zin.
             Slain by a rat (2 damage)
             ... on level 1 of the Dungeon.
             The game lasted 00:01:05 (420 turns).

OfficerJojo the Digger (Gargoyle Earth Elementalist) Turns: 420, Time: 00:01:06

Health: 0/15       AC:  4    Str: 11    XL:     2   Next: 75%
Magic:  0/5        EV: 11    Int: 15    God:    Zin [*.....]
Gold:   9          SH:  0    Dex: 10    Spells: 4/5 levels left

rFire   . . .      SeeInvis .   (no weapon)
rCold   . . .      Faith    .   (no shield)
rNeg    + . .      Spirit   .   b - +0 robe
rPois   ∞          Reflect  .   (no helmet)
rElec   +          Harm     .   (no cloak)
rCorr   .          Rampage  .   (no gloves)
Will    .....                   (no boots)
Stlth   ++........              (no amulet)
HPRegen 0.05/turn               (no ring)
MPRegen 0.09/turn               (no ring)

@: no status effects
A: sickness immunity, AC +2, negative energy resistance 1, electricity
resistance, torment resistance 1, petrification resistance
a: Renounce Religion, Recite, Donate Gold


You were on level 1 of the Dungeon.
You worshipped Zin.
Zin was aware of your devotion.
You visited 1 branch of the dungeon, and saw 1 of its levels.

You collected 9 gold pieces.

Inventory:

Missiles
 c - 58 stones
Armour
 b - a +0 robe (worn)
Scrolls
 a - a scroll of immolation {unknown}
 e - a scroll of teleportation {unknown}
Potions
 d - 2 potions of cancellation {unknown}
 f - a potion of haste {unknown}


   Skills:
 - Level 1.5 Dodging
 - Level 2.1 Stealth
 + Level 2.3 Spellcasting
 + Level 1.3 Transmutations
 + Level 4.1 Earth Magic


You had 4 spell levels left.
You knew the following spells:

 Your Spells              Type           Power      Damage    Failure   Level
a - Sandblast             Erth           28%        2d8       4%          1

Your spell library contained the following spells:

 Spells                   Type           Power      Damage    Failure   Level
 Passwall                 Tmut/Erth      7%         N/A       11%         2
 Sting                    Tmut/Pois      12%        1d3       17%         1
 Stone Arrow              Conj/Erth      14%        3d7       28%         3
 Poisonous Vapours        Pois/Air       2%         N/A       32%         2
 Petrify                  Tmut/Erth      9%         N/A       56%         4
 Olgreb's Toxic Radiance  Pois           1%         N/A       91%         4


Dungeon Overview and Level Annotations

Branches:
Dungeon (1/15)

Altars:
Zin


Innate Abilities, Weirdness & Mutations

You are immune to sickness and miasma.
Your stone body is resilient. (AC +2)
You are immune to poison.
You resist negative energy. (rN+)
You are resistant to electric shocks. (rElec)
You are resistant to unholy torment.
You are immune to petrification.


Message History

You hit the goblin.
You kill the goblin!
You closely miss the frilled lizard. The frilled lizard barely misses you.
You barely miss the frilled lizard. The frilled lizard barely misses you.
Casting: Sandblast (safe; 4% risk of failure)
Confirm with . or Enter, or press ? or * to list all spells.
Aiming: Sandblast (safe; 4% risk of failure)
Press: ? - help, Shift-Dir - straight line, f - frilled lizard
Aim: a frilled lizard (66% to hit)
The blast of sand hits the frilled lizard.
You kill the frilled lizard!
You hit the kobold.
The kobold is moderately wounded.
The kobold closely misses you.
You hit the kobold but do no damage.
The kobold is moderately wounded.
The kobold hits you but does no damage.
You closely miss the kobold. The kobold hits you with a +0 dagger.
You hit the kobold but do no damage. The kobold hits you with a +0 dagger.
* * * LOW HITPOINT WARNING * * *
You barely miss the kobold. The kobold hits you with a +0 dagger.
* * * LOW HITPOINT WARNING * * *
Casting: Sandblast (safe; 4% risk of failure)
Confirm with . or Enter, or press ? or * to list all spells.
You don't have enough magic to cast this spell.
Unknown command.
The kobold throws a stone.
The stone closely misses you.
Casting: Sandblast (safe; 4% risk of failure)
Confirm with . or Enter, or press ? or * to list all spells.
Aiming: Sandblast (safe; 4% risk of failure)
Press: ? - help, Shift-Dir - straight line, f - kobold
Aim: a kobold, wielding a +0 dagger and quivering stones (74% to hit)
The blast of sand hits the kobold.
You kill the kobold!
The rat completely misses you.
You hit the rat but do no damage. The rat bites you but does no damage.
You hit the rat.
The rat is moderately wounded.
The rat bites you.
You die...

.. ...##... . .....# #
##. #....# #. #... ##..#
.###.##.##.###l.##+####
......................##
#....#####..K........
#.# #.r.........
#@######..#..#....
#r................
##.####.....†..... #)#
#.........##
#)####.........#
#....rg........#
#..#.#.........#
#...[..........##
####........####.


You could see a rat.

Vanquished Creatures
  A dart slug (D:1)
  3 ball pythons (D:1)
  2 bats (D:1)
  2 goblins (D:1)
  A hobgoblin (D:1)
  A jackal (D:1)
  2 frilled lizards (D:1)
  3 kobolds (D:1)
  2 rats (D:1)
17 creatures vanquished.

Notes
Turn   | Place    | Note
-------+----------+-------------------------------------------
     0 | D:1      | OfficerJojo the Gargoyle Earth Elementalist began the quest
                  | for the Orb.
     0 | D:1      | Reached XP level 1. HP: 10/10 MP: 3/3
    73 | D:1      | Reached skill level 1 in Transmutations
   104 | D:1      | Found a faded altar of an unknown god.
   105 | D:1      | Noticed a great orb of eyes
   108 | D:1      | Noticed an eye of devastation
   108 | D:1      | Noticed a shining eye
   108 | D:1      | Noticed a golden eye
   111 | D:1      | Reached XP level 2. HP: 15/15 MP: 3/5
   116 | D:1      | Became a worshipper of Zin the Law-Giver
   116 | D:1      | Reached * piety under Zin
   396 | D:1      | Reached skill level 4 in Earth Magic
   420 | D:1      | Slain by a rat

Illustrated notes

Levels and vault maps discovered:
D:1:      dpeg_arrival_three_same_balls, layout_basic, serial_glass,
          glass_columns_b, glass_columns_b,
          hellmonk_ecumenical_altar_watching_god, minmay_bisected

Skill      XL: |  1  2 |
---------------+-------+-----
Transmutations | 1 |  1.3
Earth Magic    | 4 |  4.1
Dodging        | |  1.5
Stealth        | |  2.1
Spellcasting   | |  2.3

Action                   || total
-------------------------++-------
Melee: Unarmed           ||    29
 Cast: Sandblast         ||    16
Armor: Robe              ||     9
Dodge: Dodged            ||    24

Table legend: (Time is in decaauts)
 A = Elapsed time spent in this place.
 B = Non-inter-level travel time spent in this place.
 C = Inter-level travel time spent in this place.
 D = Time resting spent in this place.
 E = Time spent auto-exploring this place.
 F = Levels seen in this place.
 G = Mean time per level.
                   A        B        C        D        E       F      G
               +--------+--------+--------+--------+--------+-----+--------+
         Total |    420 |    420 |      0 |      0 |    314 |   1 |  420.0 |
       Dungeon |    420 |    420 |      0 |      0 |    314 |   1 |  420.0 |
               +--------+--------+--------+--------+--------+-----+--------+

Top non-repeatable levels by time:
     D:1: 420 daAuts
